 Dungeon Crawl Stone Soup version 0.29-a0-384-g6960b1960d (webtiles) character file.

Game seed: 17456808980481068106

8586 jimonade the Thaumaturge (level 11, -6/80 HPs)
             Began as a Djinni Fire Elementalist on Apr 22, 2022.
             Was a Believer of Makhleb.
             Shot with a bolt by a yaktaur (27 damage)
             ... on level 9 of the Dungeon on May 7, 2022.
             The game lasted 00:39:31 (10770 turns).

jimonade the Thaumaturge (DjFE)                    Turns: 10770, Time: 00:39:32

Health: -6/80      AC: 13    Str: 11    XL:     11   Next: 58%
Gold:   448        EV: 12    Int: 17    God:    Makhleb [**....] SH:  0 Dex: 14

rFire   + + +      SeeInvis .   a - staff of fire
rCold   . . .      Faith    .   (no shield)
rNeg    . . .      Spirit   .   f - +1 ring mail {rF+}
rPois   ∞          Reflect  .   x - +0 helmet
rElec   .          Harm     .   P - +0 cloak
rCorr   .          Rampage  .   (no gloves)
Will    +....                   (boots unavailable)
Stlth   +.........              L - amulet of regeneration
HPRegen 1.03/turn               d - ring of protection from cold
MPRegen 0.00/turn               h - +4 ring of protection

@: flying
A: sickness immunity, fire resistance 2, cold vulnerability 1, float, innate
caster, HP casting, extra vitality 1
a: Renounce Religion, Minor Destruction


You were on level 9 of the Dungeon.
You worshipped Makhleb.
Makhleb was pleased with you.
You visited 2 branches of the dungeon, and saw 10 of its levels.
You also visited: Sewer and Ossuary.

You collected 448 gold pieces.

Inventory:

Hand Weapons
 j - a +3 short sword of holy wrath
 m - a +0 antimagic trident
 o - a +0 arbalest
 C - a +1 spear of venom
 D - a +2 dagger of venom
 E - a +5 hand axe
 J - a +4 scimitar of flaming
 Q - a +0 scimitar
 S - a +0 halberd of flaming
Missiles
 c - 207 stones
 K - 19 poisoned darts
 X - 3 boomerangs
Armour
 f - a +1 ring mail of fire resistance (worn)
 x - a +0 helmet (worn)
 F - a +0 leather armour
 P - a +0 cloak (worn)
 R - a +0 robe
 W - a +2 robe of cold resistance
Magical Staves
 a - a staff of fire (weapon)
Jewellery
 d - a ring of protection from cold (left hand)
 h - a +4 ring of protection (right hand)
 L - an amulet of regeneration (around neck)
 O - a ring of protection from cold
 T - a +6 ring of strength
Wands
 i - a wand of paralysis (13)
 I - a wand of acid (7)
 M - a wand of charming (7)
 U - a wand of digging (5)
 V - a wand of polymorph (3)
Scrolls
 n - a scroll of acquirement {unknown}
 p - 3 scrolls of poison {unknown}
 q - 3 scrolls of magic mapping
 t - 2 scrolls of fear {unknown}
 u - a scroll of enchant armour {unknown}
 w - 4 scrolls of identify
 y - 3 scrolls of fog {unknown}
 A - 4 scrolls of teleportation
 B - 2 scrolls of enchant weapon {unknown}
 H - 2 scrolls of immolation
 Z - a scroll of brand weapon {unknown}
Potions
 b - 9 potions of curing
 e - 5 potions of might
 g - 3 potions of heal wounds {unknown}
 k - 2 potions of invisibility {unknown}
 l - a potion of brilliance {unknown}
 r - 4 potions of cancellation {unknown}
 s - a potion of resistance {unknown}
 v - 4 potions of magic {unknown}
 z - a potion of attraction {unknown}
 G - 3 potions of ambrosia {unknown}
 Y - 2 potions of berserk rage {unknown}
Miscellaneous
 N - a phantom mirror


   Skills:
 * Level 7.6 Fighting
 - Level 0.6 Short Blades
 - Level 1.4 Polearms
 + Level 5.8 Armour
 + Level 4.7 Dodging
 - Level 1.5 Stealth
 + Level 10.8 Spellcasting


You had 5 spell levels left.
You knew the following spells:

 Your Spells              Type           Power      Damage    Failure   Level
a - Foxfire               Conj/Fire      100%       2x1d9     1%          1
b - Scorch                Fire           100%       2d10      1%          2
c - Conjure Flame         Conj/Fire      62%        6-21      1%          3
d - Inner Flame           Hex/Fire       62%        N/A       1%          3
e - Flame Wave            Conj/Fire      62%        2d12      1%          4
f - Pain                  Necr           100%       1d9       1%          1
g - Corpse Rot            Necr/Air       92%        N/A       1%          2
h - Vampiric Draining     Necr           46%        2d9       1%          3
i - Gell's Gravitas       Tloc           46%        N/A       1%          3
j - Cause Fear            Hex            23%        N/A       1%          4
Your spell library was empty.

Dungeon Overview and Level Annotations

Branches:
Dungeon (9/15)             Temple (1/1) D:7            Lair (0/6) D:8
  Sewer (visited)         Ossuary (visited)
    Orc: D:9-12

Altars:
Ashenzari
Cheibriados
Dithmenos
Elyvilon
Fedhas
Gozag
Hepliaklqana
Kikubaaqudgha
Makhleb
Nemelex Xobeh
Okawaru
Qazlal
Ru
Sif Muna
Trog
Vehumet
Wu Jian
Xom
Yredelemnul
Zin
The Shining One

Shops:
D:2 *   D:3 *

Annotations:
D:3 2 transporters, Antichthon's ghost, amateur GrFi


Innate Abilities, Weirdness & Mutations

You are immune to sickness and miasma.
You are immune to poison.
Your flesh is very heat resistant. (rF++)
You are vulnerable to cold. (rC-)
You float through the air rather than walking.
You learn spells naturally, not from books.
Your magical power is your life essence.
You have superior vitality. (+4 MHP)


Message History

There is a stone staircase leading down here.
You fly downwards.
There is a stone staircase leading up here.
A yaktaur comes into view.
It is wielding the +7 great mace "Undeadhunter" {disrupt, rN+}.
The yaktaur shouts!
The yaktaur unwields the +7 great mace "Undeadhunter" {disrupt, rN+}.
The yaktaur wields a +0 arbalest.
The yaktaur shoots a bolt.
The bolt hits you!!
Casting: Scorch (safe; 1% risk of failure)
Confirm with . or Enter, or press ? or * to list all spells.
Aiming: Inner Flame (safe; 1% risk of failure)
Press: ? - help, Dir - move target, f - yaktaur
Aim: a yaktaur, wielding a +0 arbalest (chance to affect: 88%)
You feel a surge of power!
The yaktaur is filled with an inner flame.
The yaktaur shoots a bolt.
The bolt hits you!!
Casting: Inner Flame (safe; 1% risk of failure)
Confirm with . or Enter, or press ? or * to list all spells.
Okay, then.
Unknown command.
You are too injured to fight recklessly!
You are too injured to fight recklessly!
Unknown command.
Unknown command.
Casting: Foxfire (safe; 1% risk of failure)
Press: ? - help, Q - select action, (/) - cycle Dir - look around, f - activate You feel a surge of power!
You conjure some foxfire!
The yaktaur shoots a bolt.
The bolt hits you!
* * * LOW HITPOINT WARNING * * *
Casting: Foxfire (safe; 1% risk of failure)
Press: ? - help, Q - select action, (/) - cycle Dir - look around, f - activate You feel a surge of power!
You conjure some foxfire!
* * * LOW HITPOINT WARNING * * *
The foxfire hits the yaktaur.
Flame seeps out of the yaktaur.
The yaktaur is lightly wounded.
The foxfire hits the yaktaur but does no damage.
The yaktaur is lightly wounded.
The yaktaur is engulfed in blazing flames.
Flame seeps out of the yaktaur.
The yaktaur shoots a bolt.
The bolt hits you!!
You die...

#.......# #.......#
#.......# #.......#
#.......# ####
#.......# #..#
#.v§§...# #..#
#.§@§...# #..###
###..§v...#######.....
...c.§.................
#######################


You could see a yaktaur (inner flame, ally target).

Vanquished Creatures
  Erica (D:8)
  A two-headed ogre (D:9)
  Pikel (D:5)
  A hornet (D:9)
  Prince Ribbit (D:8)
  Sigmund (D:4)
  15 yaks
  A basilisk (D:8)
  3 wyverns
  Menkaure (D:6)
  Edmund (D:4)
  3 ice beasts
  2 orc warriors
  2 sky beasts
  A black bear (D:7)
  An ogre (D:5)
  A centaur (D:7)
  A necrophage (D:5)
  A kobold brigand (D:8)
  3 scorpions
  16 wights
  5 killer bees (D:8)
  A howler monkey (D:5)
  A centaur zombie (Ossuary)
  2 orc priests (D:5)
  8 hounds
  A jelly (D:6)
  A human zombie (Ossuary)
  A gnoll shaman (D:6)
  Terence (D:2)
  Ijyb (D:5)
  3 iguanas
  6 orc wizards
  A hell rat (Sewer)
  5 mummies (Ossuary)
  Robin (D:3)
  15 gnolls
  8 adders
  A river rat (Sewer)
  A white imp (D:7)
  2 ufetubi (D:5)
  2 worms
  3 dart slugs
  24 orcs
  3 ball pythons
  5 endoplasms
  5 giant cockroaches
  16 goblins
  9 hobgoblins
  7 jackals
  2 quokkas
  5 bats
  A frilled lizard (D:1)
  3 hobgoblin zombies (Ossuary)
  17 kobolds
  A kobold zombie (Ossuary)
  2 orc zombies (Ossuary)
  15 rats
243 creatures vanquished.

Vanquished Creatures (others)
  455 foxfires
  6 plants (D:3)
461 creatures vanquished.

Grand Total: 704 creatures vanquished

Notes
Turn   | Place    | Note
-------+----------+-------------------------------------------
     0 | D:1      | jimonade the Djinni Fire Elementalist began the quest for
                  | the Orb.
     0 | D:1      | Reached XP level 1. HP: 15/15 MP: 0/0
   221 | D:1      | Found a faded altar of an unknown god.
   262 | D:1      | Reached XP level 2. HP: 17/22 MP: 0/0
   896 | D:1      | Reached XP level 3. HP: 21/26 MP: 0/0
   896 | D:1      | Learned a level 1 spell: Pain
  1003 | D:1      | Reached skill level 3 in Spellcasting
  1574 | D:2      | Upgraded the game from 0.29-a0-344-ge2f44be95a to
                  | 0.29-a0-384-g6960b1960d
  1740 | D:2      | Reached skill level 1 in Fighting
  1740 | D:2      | Reached XP level 4. HP: 29/32 MP: 0/0
  1924 | D:2      | Found Kueppoh's Assorted Antiques.
  1991 | D:2      | Found a shimmering altar of Xom.
  2257 | D:2      | Noticed Terence
  2267 | D:2      | Killed Terence
  2268 | D:2      | Reached XP level 5. HP: 17/37 MP: 0/0
  2268 | D:2      | Learned a level 2 spell: Corpse Rot
  2922 | D:3      | Noticed Robin
  3076 | D:3      | Noticed Antichthon's ghost (amateur GrFi)
  3092 | D:3      | Found a transporter.
  3093 | D:3      | Found a transporter.
  3148 | D:3      | Reached skill level 1 in Armour
  3156 | D:3      | Reached skill level 4 in Spellcasting
  3156 | D:3      | Reached XP level 6. HP: 19/43 MP: 0/0
  3319 | D:3      | Killed Robin
  3373 | D:3      | Found a glowing drain.
  3400 | Sewer    | Entered a sewer
  3725 | D:3      | Found a white marble altar of Elyvilon.
  3749 | D:3      | Found Zin's Purification Station.
  3751 | D:3      | Found a glowing silver altar of Zin.
  4282 | D:4      | Found a stormy altar of Qazlal.
  4563 | D:4      | Noticed a moth of wrath
  4567 | D:4      | Found a bloodstained altar of Trog.
  4741 | D:4      | Found a sacrificial altar of Ru.
  4819 | D:4      | Noticed Edmund
  4854 | D:4      | Killed Edmund
  4855 | D:4      | Reached XP level 7. HP: 41/49 MP: 0/0
  4855 | D:4      | Learned a level 3 spell: Vampiric Draining
  5140 | D:4      | Noticed Sigmund
  5159 | D:4      | Killed Sigmund
  5474 | D:5      | Entered Level 5 of the Dungeon
  5478 | D:5      | Reached skill level 5 in Spellcasting
  5490 | D:5      | Noticed Ijyb
  5495 | D:5      | HP: 1/50 [Ijyb/bolt of acid (42)]
  5817 | D:5      | Found a sand-covered staircase.
  5822 | Ossuary  | Entered an ossuary
  5882 | Ossuary  | Reached XP level 8. HP: 48/56 MP: 0/0
  6349 | D:5      | Killed Ijyb
  6609 | D:5      | Noticed Pikel
  6624 | D:5      | Killed Pikel
  6625 | D:5      | Reached skill level 6 in Spellcasting
  6625 | D:5      | Reached XP level 9. HP: 62/63 MP: 0/0
  6625 | D:5      | Learned a level 3 spell: Gell's Gravitas
  6985 | D:5      | Reached skill level 1 in Polearms
  7585 | D:5      | Reached skill level 5 in Fighting
  7585 | D:5      | Reached skill level 7 in Spellcasting
  7750 | D:6      | Noticed Menkaure
  7755 | D:6      | Killed Menkaure
  8040 | D:6      | Found a shimmering altar of Xom.
  8044 | D:6      | Found a sparkling altar of Nemelex Xobeh.
  8126 | D:6      | Found a blossoming altar of Fedhas.
  8407 | D:7      | Reached skill level 8 in Spellcasting
  8407 | D:7      | Reached XP level 10. HP: 71/71 MP: 0/0
  8653 | D:7      | Found a staircase to the Ecumenical Temple.
  8669 | Temple   | Entered the Ecumenical Temple
  8828 | Temple   | Became a worshipper of Makhleb the Destroyer
  8908 | D:7      | Reached skill level 5 in Armour
  9021 | D:7      | Reached skill level 9 in Spellcasting
  9762 | D:8      | Reached * piety under Makhleb
  9844 | D:8      | Noticed Prince Ribbit
  9852 | D:8      | Killed Prince Ribbit
  9937 | D:8      | Reached XP level 11. HP: 55/78 MP: 0/0
  9937 | D:8      | Learned a level 4 spell: Cause Fear
 10099 | D:7      | Reached skill level 10 in Spellcasting
 10212 | D:8      | Noticed Erica
 10217 | D:8      | Killed Erica
 10341 | D:8      | Found a staircase to the Lair.
 10495 | D:9      | Noticed a two-headed ogre
 10499 | D:9      | Killed a two-headed ogre
 10546 | D:9      | Reached ** piety under Makhleb
 10564 | D:9      | Noticed a cyclops
 10770 | D:9      | Shot with a bolt by a yaktaur

Illustrated notes

Levels and vault maps discovered:
D:1:      dpeg_arrival_connections, layout_loops_corners,
          chequers_ecumenical_altar_simple_redux, nrook_campfire,
          hangedman_feature_mirror, corexii_item_surrounded_by_moat,
          grunt_decor_one_mirror
D:2:      layout_basic, basic_altar, serial_shops, nicolae_shop_behind_doors,
          minmay_crystal_water, uniq_terence
D:3:      layout_rooms, zin_purify, elyvilon_altar_1,
          gammafunk_ghost_gnarly_gnolls, portal_sewer_entry_d, uniq_robin
D:4:      layout_loops_corners, tgw_trog, mainiacjoe_overflow_big_doors,
          sigmund_edmund_badplayer
D:5:      minmay_clustersquares, layout_basic, enter_ossuary_5,
          minmay_statues_item, uniq_ijyb, uniq_pikel
D:6:      layout_cave_pools, mainiacjoe_overflow_six_doors_small,
          grunt_temple_overflow_diamond, kennysheep_flooded_box, minmay_holes,
          uniq_edmund, uniq_menkaure
D:7:      layout_loops_corners, minmay_temple_entry_crystal_x
D:8:      layout_cave_pools, david_lair_generic, uniq_erica, uniq_prince_ribbit1
D:9:      minmay_blocky_corners, layout_long_grid, kennysheep_just_a_vault
Temple:   nicolae_temple_figure_eight

Skill      XL: |  1  2  3  4  5  6  7  8  9 10 11 |
---------------+----------------------------------+-----
Spellcasting   | 3 4 5 6 8 9 10 | 10.8
Fighting       | 1 2 3 4 5 6 7 |  7.6
Dodging        | 3 4 |  4.7
Armour         | 1 2 4 5 |  5.8
Polearms       | 1 |  1.4
Short Blades   | |  0.6
Stealth        | |  1.5

Action                   |  1- 3 |  4- 6 |  7- 9 | 10-12 || total
-------------------------+-------+-------+-------+-------++-------
Melee: Unarmed           |    19 |       |       |       ||    19
       Short sword       |    20 |    75 |    22 |       ||   117
       Spear             |       |    11 |    76 |     5 ||    92
       Dagger            |       |       |     3 |       ||     3
 Cast: Foxfire           |    37 |    83 |    56 |   100 ||   276
       Scorch            |       |    11 |    81 |    84 ||   176
       Conjure Flame     |       |     2 |     6 |     6 ||    14
       Inner Flame       |       |       |       |    19 ||    19
       Vampiric Draining |       |       |       |     1 ||     1
  Use: Scroll            |       |     2 |     6 |       ||     8
 Stab: Sleeping          |     1 |       |     1 |       ||     2
       Distracted        |       |     1 |       |       ||     1
Armor: Robe              |     5 |       |       |       ||     5
       Ring mail         |     8 |    45 |    71 |    38 ||   162
Dodge: Dodged            |    37 |    58 |    71 |    49 ||   215

Table legend: (Time is in decaauts)
 A = Elapsed time spent in this place.
 B = Non-inter-level travel time spent in this place.
 C = Inter-level travel time spent in this place.
 D = Time resting spent in this place.
 E = Time spent auto-exploring this place.
 F = Levels seen in this place.
 G = Mean time per level.
                   A        B        C        D        E       F      G
               +--------+--------+--------+--------+--------+-----+--------+
         Total |  10785 |  10391 |    394 |   2315 |   5472 |  12 |  898.8 |
       Dungeon |   9840 |   9465 |    375 |   1947 |   5158 |   9 | 1093.3 |
        Temple |    179 |    160 |     19 |      0 |    155 |   1 |  179.0 |
         Sewer |    246 |    246 |      0 |    110 |     85 |   1 |  246.0 |
       Ossuary |    518 |    518 |      0 |    258 |     74 |   1 |  518.0 |
               +--------+--------+--------+--------+--------+-----+--------+

Top non-repeatable levels by time:
     D:4: 1684 daAuts
     D:1: 1545 daAuts
     D:7: 1471 daAuts
     D:2: 1464 daAuts
     D:5: 1343 daAuts
     D:3: 854 daAuts
     D:8: 701 daAuts
     D:6: 668 daAuts
 Ossuary: 518 daAuts
   Sewer: 246 daAuts
  Temple: 179 daAuts
     D:9: 107 daAuts
